 Dungeon Crawl Stone Soup version 0.28.0-43-g3370ac3207 (webtiles) character file.

Game seed: 5312599789191463682

16 cbfl8 the Sneak (level 2, 0/27 HPs)
             Began as a Minotaur Delver on Mar 1, 2022.
             Slain by a gnoll
             ... wielding a +0 whip
              (4 damage)
             ... on level 4 of the Dungeon.
             The game lasted 00:00:39 (117 turns).

cbfl8 the Sneak (Minotaur Delver)                    Turns: 117, Time: 00:00:39

Health: 0/27       AC:  3    Str: 16    XL:     2   Next: 41%
Magic:  1/1        EV: 11    Int:  7    God:
Gold:   0          SH:  0    Dex: 11    Spells: 1/1 levels left

rFire   . . .      SeeInvis .   a - +0 hand axe
rCold   . . .      Faith    .   (no shield)
rNeg    . . .      Spirit   .   b - +0 leather armour
rPois   .          Reflect  .   (helmet restricted)
rElec   .          Harm     .   (no cloak)
rCorr   .          Rampage  .   (no gloves)
Will    .....                   (no boots)
Stlth   ++........              (no amulet)
HPRegen 0.09/turn               (no ring)
MPRegen 0.07/turn               (no ring)

@: no status effects
A: horns 2, retaliatory headbutt
a: no special abilities


You were on level 4 of the Dungeon.
You visited 1 branch of the dungeon, and saw 3 of its levels.

Inventory:

Hand Weapons
 a - a +0 hand axe (weapon)
Armour
 b - a +0 leather armour (worn)
Wands
 g - a wand of digging (3)
Scrolls
 c - a scroll of fog
 d - a scroll of magic mapping
 e - a scroll of fear
Potions
 f - a potion of haste


   Skills:
 + Level 3.7 Fighting
 + Level 2.5 Axes
 + Level 2.2 Dodging
 + Level 4.6 Stealth


You had one spell level left.
You didn't know any spells.
Your spell library was empty.

Dungeon Overview and Level Annotations

Branches:
Dungeon (6/15)
 Temple: D:4-7

Altars:

Annotations:
D:4 Duvessa


Innate Abilities, Weirdness & Mutations

You have a pair of horns on your head.
You reflexively headbutt those who attack you in melee.


Message History

There is a stone staircase leading up here.
The orc closely misses you.
You climb upwards.
There is a stone staircase leading down here.
You barely miss the orc. The orc closely misses you. You furiously retaliate!
You headbutt the orc!
You kill the orc!
You see here a +0 dagger.
There is a stone staircase leading down here.
You climb downwards.
The orc barely misses you. You furiously retaliate!
You headbutt the orc.
There is a stone staircase leading up here.
You hit the orc. You headbutt the orc.
You kill the orc!
You start resting.
An orc is nearby!
An orc is nearby!
Things that are here:
a +0 club; an orc corpse An orc wizard comes into view.
It is wielding a +0 dagger.
There is a stone staircase leading up here.
The orc shouts!
You hear an angry hiss.
You climb upwards.
There is a stone staircase leading down here.
You start resting.
HP restored.
You see here a +0 dagger.
There is a stone staircase leading down here.
A jelly comes into view.
Found a stone staircase leading up.
There is a stone staircase leading up here.
You climb upwards.
Level annotation: Duvessa The gnoll shouts! x2
The gnoll hits you with a +0 halberd! x2
* * * LOW HITPOINT WARNING * * *
The endoplasm quivers.
There is a stone staircase leading down, spattered with blood here.
The gnoll hits you with a +0 whip.
You die...

#
...###########.
...J...........
#.g@.......
#.gg#######
#.... #.....
#.....# ##....#
#..... .......


You could see 3 gnolls and an endoplasm.

Vanquished Creatures
  A hound skeleton (D:4)
  2 orcs
3 creatures vanquished.

Notes
Turn   | Place    | Note
-------+----------+-------------------------------------------
     0 | D:5      | cbfl8 the Minotaur Delver began the quest for the Orb.
     0 | D:5      | Reached XP level 1. HP: 19/19 MP: 0/0
    20 | D:4      | Reached XP level 2. HP: 24/27 MP: 1/1
    56 | D:4      | Noticed Duvessa
   117 | D:4      | Slain by a gnoll

Illustrated notes

Levels and vault maps discovered:
D:4:      layout_basic, serial_shops,
          nicolae_shop_temple_entry_statues_fountains, kennysheep_little_box,
          kennysheep_mini_moat, nicolae_shop_advertising_works
          [nicolae_subvault_shop_adworks], kennysheep_diamond,
          hangedman_feature_mirror, uniq_duvessa
D:5:      layout_loops_ring, lemuel_doored_altar,
          minmay_temple_entry_stoned_glass, uniq_crazy_yiuf_cottage,
          uniq_menkaure, uniq_blork_the_orc
D:6:      layout_basic, serial_shops, nicolae_inconvenience_store, uniq_pikel,
          uniq_prince_ribbit1, uniq_edmund, uniq_sigmund

Action                   || total
-------------------------++-------
Melee: Hand axe          ||     5
       Headbutt          ||     1
Dodge: Dodged            ||     6
